 Dungeon Crawl Stone Soup version 0.17-a0-18-gc25b939 (webtiles) character file.

716 Econoterrorist the Twirler (level 7, 0/43 HPs)
             Began as a Gargoyle Gladiator on Mar 10, 2015.
             Slain by Menkaure (4 damage)
             ... on level 5 of the Dungeon.
             The game lasted 00:13:03 (4033 turns).

Econoterrorist the Twirler (Gargoyle Gladiator)     Turns: 4033, Time: 00:13:03

Health: 0/43       AC: 24    Str: 18    XL:     7   Next: 69%
Magic:  7/7        EV: 11    Int: 11    God:
Gold:   167        SH:  0    Dex: 10    Spells: 0 memorised, 6 levels left

rFire  . . .     SeeInvis .     a - +0 quarterstaff
rCold  + . .     Clarity  .     x - +7 ring mail of Atil {rC+ Stlth+}
rNeg   + . .     SustAb   .     (no shield)
rPois  ∞         Gourm    .     c - +0 helmet
rElec  +         Spirit   .     (no cloak)
rCorr  .         Warding  .     (no gloves)
rMut   .         Stasis   .     (no boots)
MR     .....                    (no amulet)
Stlth  +.........               y - +4 ring of protection
                                t - +2 ring of protection

@: not resistant to hostile enchantments, very unstealthy
A: negative energy resistance 1, electricity resistance, unbreathing,
petrification resistance, rot immunity, AC +4
a: no special abilities


You were on level 5 of the Dungeon.
You were not hungry.

You visited 1 branch of the dungeon, and saw 5 of its levels.

You collected 167 gold pieces.

Inventory:

Hand weapons
 a - a +0 quarterstaff (weapon)
Missiles
 d - 3 throwing nets (quivered)
Armour
 c - a +0 helmet (worn)
 x - the +7 ring mail of Atil (worn) {rC+ Stlth+}
   (You found it on level 4 of the Dungeon)

   It protects you from cold.
   It makes you more stealthy.
Jewellery
 e - an uncursed amulet of stasis
 t - a +2 ring of protection (left hand)
 y - a +4 ring of protection (right hand)
Scrolls
 b - a scroll of noise {unknown}
 h - 3 scrolls of remove curse {unknown}
 i - a scroll of enchant armour {unknown}
 o - a scroll of magic mapping {unknown}
 p - a scroll of enchant weapon {unknown}
 q - 5 scrolls of identify {unknown}
 r - 2 scrolls of fear {unknown}
 u - a scroll of amnesia {unknown}
 v - a scroll of blinking {unknown}
 w - a scroll of teleportation {unknown}
 C - a scroll of recharging {unknown}
Potions
 j - a potion of agility {unknown}
 k - a potion of curing {unknown}
 l - 2 potions of haste {unknown}
 m - 3 potions of might {unknown}
 n - 2 potions of lignification {unknown}
 s - a potion of beneficial mutation {unknown}
 A - a potion of brilliance {unknown}
 D - a potion of ambrosia {unknown}
 E - a potion of heal wounds {unknown}
Comestibles
 f - 2 bread rations
 g - 3 meat rations
 z - 2 slices of pizza


   Skills:
 + Level 4.0 Fighting
 * Level 7.4 Staves
 - Level 2.0 Throwing
 + Level 3.3 Armour
 - Level 2.4 Dodging


You had 6 spell levels left.
You didn't know any spells.

Dungeon Overview and Level Annotations

Branches:
Dungeon (5/15)
 Temple: D:4-7

Altars:
Makhleb
Qazlal

Annotations:
D:5 Menkaure


Innate Abilities, Weirdness & Mutations

You are resistant to torment.
You are immune to poison.
Your stone body is very resilient (AC +4).
You resist negative energy.
You are resistant to electric shocks.
You can survive without breathing.
You are immune to petrification.
You are immune to rotting.


Message History

Menkaure is moderately damaged.
Menkaure hits you!
You hit Menkaure.
Menkaure is moderately damaged.
Menkaure casts a spell at you. Pain shoots through your body!
* * * LOW HITPOINT WARNING * * *
You thump Menkaure!
Menkaure is severely damaged.
You hit Menkaure.
Menkaure is almost destroyed.
Menkaure mumbles some strange words.
Menkaure seems to speed up.
You hit Menkaure but do no damage.
Menkaure is almost destroyed.
Menkaure closely misses you.
You barely miss Menkaure.
Menkaure is almost destroyed.
Menkaure hits you.
You die...

#.#.#.#.##.##.##....##
#..#..####.##.##.####
#.....## #.......#
....##.# ####.####
#.#.#.## ##.## .....##
#...# ###.## #...#
#######
#...########.#.
........
#..oM@.........
..##.##
#...#####..#.## ..#
##...............#
..##>...............##
......#...............
........#.##?.........
.#### .# #...######
...# ....# .#.# ##...#


You could see Menkaure and an orc.

Vanquished Creatures
  A phantom (D:5)
  An ogre (D:4)
  2 scorpions
  2 crimson imps
  A jelly (D:5)
  2 orc wizards (D:5)
  5 worker ants
  A giant frog skeleton (D:4)
  4 adders
  A shadow imp (D:5)
  A giant mite (D:2)
  2 worms (D:3)
  An orc zombie (D:5)
  2 giant geckos
  6 orcs
  5 giant cockroaches
  8 hobgoblins
  2 jackals (D:4)
  9 kobolds
  A quokka (D:3)
  2 ball pythons (D:3)
  7 bats
  A giant cockroach zombie (D:4)
  4 giant newts
  7 goblins
  A quokka skeleton (D:5)
  8 rats
87 creatures vanquished.

Notes
Turn   | Place    | Note
--------------------------------------------------------------
     0 | D:1      | Econoterrorist, the Gargoyle Gladiator, began the quest for the Orb.
     0 | D:1      | Reached XP level 1. HP: 12/12 MP: 1/1
   191 | D:1      | Reached XP level 2. HP: 17/17 MP: 2/2
   740 | D:2      | Reached skill level 4 in Staves
   740 | D:2      | Reached XP level 3. HP: 19/21 MP: 3/3
  1361 | D:3      | Found a stormy altar of Qazlal.
  1366 | D:3      | Noticed a water elemental
  1366 | D:3      | Noticed an earth elemental
  1367 | D:3      | Noticed an air elemental
  1367 | D:3      | Noticed a fire elemental
  1491 | D:3      | Noticed a scorpion
  1509 | D:3      | Killed a scorpion
  1509 | D:3      | Reached skill level 5 in Staves
  1509 | D:3      | Reached XP level 4. HP: 23/26 MP: 4/4
  1753 | D:3      | Reached XP level 5. HP: 30/30 MP: 5/5
  2060 | D:3      | Found a burning altar of Makhleb.
  2081 | D:3      | Reached skill level 6 in Staves
  2301 | D:4      | Got a polished ring mail
  2330 | D:4      | Identified the +7 ring mail of Atil {rC+ Stlth+} (You found it on level 4 of the Dungeon)
  2700 | D:4      | Noticed an ogre
  2711 | D:4      | Killed an ogre
  2711 | D:4      | Reached skill level 1 in Armour
  2711 | D:4      | Reached XP level 6. HP: 19/36 MP: 6/6
  3457 | D:5      | Entered Level 5 of the Dungeon
  3467 | D:5      | Reached XP level 7. HP: 41/41 MP: 7/7
  3567 | D:5      | Reached skill level 7 in Staves
  4015 | D:5      | Noticed Menkaure
  4033 | D:5      | Slain by Menkaure

Action                   |  1- 3 |  4- 6 |  7- 9 || total
-------------------------+-------+-------+-------++-------
Melee: Quarterstaff      |   118 |   157 |   128 ||   403
 Stab: Sleeping          |       |       |     1 ||     1
  Eat: Chunk             |     2 |     6 |     2 ||    10
